[Event "*** Titled Tuesday Blitz"]
[Site "Chess.com"]
[Date "2019.03.05"]
[Round "1"]
[White "Vugar_Manafov"]
[Black "Alexander_Donchenko"]
[Result "1-0"]
[WhiteElo "2405"]
[BlackElo "2731"]
[TimeControl "180+2"]
[EndTime "13:10:04 PST"]
[Termination "Vugar_Manafov won by resignation"]

1. Nf3 c5 2. g3 Nc6 3. Bg2 g6 4. O-O Bg7 5. d3 d6 6. c4 e5 7.
Nc3 Nge7 8. e4 O-O 9. Nh4 Be6 10. f4 exf4 11. Bxf4 Nd4 12. Nf3 Nec6 13. Nxd4 Nxd4 14. Nd5 Bxd5 15. cxd5 f5 16. Qd2 fxe4 17. dxe4 Qe7 18. Rf2 Rae8 19. Raf1 b5 20. h4 b4 21. Bg5 Rxf2 22.
Qxf2 Qc7 23. h5 gxh5 24. Qd2 Rf8 25. Rxf8+ Kxf8 26. Qf4+ Kg8 27. Kh1 Be5 28. Qh4 Qf7 29. Bh6 Bf6 30. Qf4 Qg6 31. Bh3 h4 32. gxh4 Ne2 33. Qe3 Ng3+ 34. Kh2 Be5 35. Bf4 Nxe4 36. Bxe5 dxe5 37. h5 Qxh5 38. Qxe4 Kf8 39. Qf5+ Qxf5 40. Bxf5 h6 41. Kg3 Ke7 42. Kh4 Kd6 43. Be4 c4 44. Kh5 c3 45. bxc3 bxc3 46. Kxh6 c2 47. Bxc2 Kxd5 48. Kg5 Kd4 49. Kf5 a5 50.
a4 Kc3 51. Be4 Kb4 52. Bc6 Kc5 53. Be4 Kb4 54. Bc2 Kc3 55. Bd1 Kd4 56. Bf3 Ke3 57.
Bb7 Kd4 58. Be4 Kc3 59. Kxe5 Kb4 60. Bc6 Kc5 61. Be8 Kb6 62. Kd5 Kc7 63. Kc5 Kb7 64. Kb5 Kc7 65. Kxa5 Kb8 66. Kb6 1-0

[Event "*** Titled Tuesday Blitz"]
[Site "Chess.com"]
[Date "2019.03.05"]
[Round "1"]
[White "Yurovskykh_Oleksandr"]
[Black "Jenia84"]
[Result "1/2-1/2"]
[WhiteElo "2536"]
[BlackElo "2178"]
[TimeControl "180+2"]
[EndTime "13:10:11 PST"]
[Termination "Game drawn - insufficient material"]

1. d4 Nf6 2. Nf3 b6 3. Bg5 e6 4.
e4 Bb7 5. Nbd2 h6 6. Bxf6 Qxf6 7. c3 c5 8. Bd3 Qd8 9. O-O Nc6 10. d5 Ne7 11. Nc4 Ng6 12. e5 Bxd5 13. Bxg6 fxg6 14. Qd3 Kf7 15. Ne3 Bxf3 16. gxf3 Qg5+ 17. Kh1 Qf4 18. Ng2 Qxe5 19. Qxd7+ Be7 20. Rae1 Qd6 21. Qb7 Qd5 22. Qa6 Rhf8 23. Re4 Kg8 24. Nf4 Rxf4 25. Rxf4 Bd6 26. Rg4 Qxf3+ 27. Rg2 Rf8 28. Qc4 Kh7 29. Qxe6 Rf6 30.
Qg4 Qd3 31. Qd1 Qh3 32. Qg4 Qd3 33. Rd1 Qc2 34. f4 Qe4 35. f5 Qxg4 36. Rxg4 gxf5 37. Ra4 a5 38. c4 f4 39. Ra3 Be5 40. Rad3 Bd4 41.
Kg2 f3+ 42. Kf1 g5 43. h3 h5 44. Rxd4 cxd4 45. Rxd4 Kg6 46. Kf2 Kf7 47. Rd5 g4 48.
hxg4 hxg4 49. Rd1 Rf4 50. b3 Kg6 51. Kg3 Kg5 52. Rd5+ Rf5 53. Rd2 Re5 54. a3 Kf5 55. b4 axb4 56. axb4 Re4 57. c5 bxc5 58. bxc5 Ke6 59. c6 Rc4 60. c7 Rxc7 61. Kxg4 Rf7 62. Rf2 Ke5 63. Rxf3 Rg7+ 64. Kh3 Ke4 65. Rg3 Rxg3+ 66.
Kxg3 1/2-1/2

[Event "*** Titled Tuesday Blitz"]
[Site "Chess.com"]
[Date "2019.03.05"]
[Round "1"]
[White "Svet99"]
[Black "Orange_Ghost"]
[Result "0-1"]
[WhiteElo "2159"]
[BlackElo "2541"]
[TimeControl "180+2"]
[EndTime "13:10:11 PST"]
[Termination "Orange_Ghost won by resignation"]

1. Nf3 Nf6 2. d4 g6 3. c4 Bg7 4. Nc3 d5 5. cxd5 Nxd5 6. e4 Nxc3 7. bxc3 O-O 8. Bc4 c5 9. O-O Nc6 10. Bb2 b6 11. e5 Na5 12. Bd3 Bb7 13. Qe2 e6 14. Rfd1 Qc7 15. Rac1 Rfd8 16. Be4 Bxe4 17. Qxe4 Rac8 18. Rb1 Qd7 19. Bc1 h6 20. Qh4 g5 21.
Bxg5 hxg5 22. Nxg5 Bxe5 23. Qh7+ Kf8 24. Qh5 Bg7 25. Rd3 cxd4 26. Rf3 f5 27. Nh7+ Kg8 28. Rg3 Qe7 29. Rg6 dxc3 30. Nf6+ Kf8 31. Nh7+ Kg8 32.
Nf6+ Qxf6 33. Rxf6 Bxf6 34. Qg6+ Bg7 35. Qxe6+ Kh8 36.
Qxf5 c2 37. Qh3+ Kg8 38. Qe6+ Kh7 39. Qf5+ Kh8 40. Qh3+ Kg8 41. Qe6+ Kf8 42. Qf5+ Kg8 43. Qe6+ Kh7 44. Qf5+ Kh6 45. Qe6+ Kh7 46. Qf5+ Kg8 47.
Qe6+ Kf8 48. Qf5+ Ke7 49. Re1+ Kd6 50. Re6+ Kc7 51. Qxc2+ Kb8 52. Qb1 Nc4 53. Re1 Bc3 54. Rd1 Rxd1+ 55. Qxd1 Re8 56. Qf1 Re1 57. h4 Rxf1+ 58.
Kxf1 Kc7 59. h5 Bh8 0-1

[Event "*** Titled Tuesday Blitz"]
[Site "Chess.com"]
[Date "2019.03.05"]
[Round "1"]
[White "lolo9292"]
[Black "GianmarcoVaR"]
[Result "0-1"]
[WhiteElo "2066"]
[BlackElo "2491"]
[TimeControl "180+2"]
[EndTime "13:10:12 PST"]
[Termination "GianmarcoVaR won by resignation"]

1. Nf3 Nf6 2. c4 b6 3. g3 Bb7 4. Bg2 c5 5. O-O g6 6. b3 Bg7 7. Bb2 O-O 8. d4 cxd4 9. Qxd4 Nc6 10. Qc3 Rc8 11. Rd1 Qc7 12. Qe1 Qb8 13. Nc3 a6 14. Rac1 d6 15. e4 Ba8 16. Nd5 Nd7 17. Bxg7 Kxg7 18.
Qc3+ Kg8 19. Nd4 Rfe8 20. Nxc6 Bxc6 21. Bh3 e6 22. Qa1 b5 23. cxb5 axb5 24. Rc2 Qb7 25.
Rcd2 b4 26. Nf6+ Nxf6 27. Qxf6 Bxe4 28. Rxd6 Qe7 29. Qxe7 Rxe7 30. Rd8+ Rxd8 31. Rxd8+ Kg7 32. Rd4 Bd5 33. Rxb4 Rc7 34. f4 Rc1+ 35. Bf1 h5 36.
a4 h4 37. a5 h3 38. Kf2 Rc2+ 39. Kg1 Rc1 40. Kf2 Rc2+ 41. Be2 Ra2 42. a6 Ra3 43. Ke3 Bxb3 44. Kd3 Bd5+ 45. Kd4 Ra2 46. Bb5 Rxh2 47. a7 Ra2 48. Bc4 Rxa7 49. Bxd5 Rd7 50.
Rb2 Rxd5+ 51. Ke4 Rh5 52. Rh2 g5 53. Kf3 gxf4 54. gxf4 Kf6 55. Kg4 Rh8 56. Rh1 h2 57.
Kg3 Kf5 58. Kf3 Rh4 59. Kg2 Kxf4 60. Rf1+ Kg5 61. Rh1 f5 62. Rxh2 Rxh2+ 0-1

[Event "*** Titled Tuesday Blitz"]
[Site "Chess.com"]
[Date "2019.03.05"]
[Round "1"]
[White "BASSU1"]
[Black "mouseWLZ"]
[Result "1-0"]
[WhiteElo "2058"]
[BlackElo "2458"]
[TimeControl "180+2"]
[EndTime "13:10:12 PST"]
[Termination "BASSU1 won by resignation"]

1. e4 e6 2. d4 d5 3. Bd3 c5 4.
exd5 exd5 5. Nf3 Nc6 6. O-O Nf6 7. Re1+ Be7 8. dxc5 O-O 9. Be3 Bg4 10. c3 a5 11.
Nbd2 h6 12. h3 Bh5 13. Be2 Nd7 14. Nb3 a4 15. Nbd4 Nxc5 16. Nxc6 bxc6 17. Nd4 Bxe2 18. Qxe2 Qd7 19. Bxh6 Bf6 20. Be3 a3 21. b3 Ne4 22.
Qc2 c5 23. Ne2 Rfc8 24. Rad1 Qf5 25. f3 Ng3 26. Qxf5 Nxf5 27. Bf2 d4 28. c4 Ne3 29. Bxe3 dxe3 30. Rd3 Re8 31. Red1 g6 32. Kf1 Kg7 33. Rd5 Rac8 34. Ng3 Bd4 35. Ne2 Bb2 36. g4 Re6 37. Kg2 Rb6 38. R1d3 Re6 39. f4 Ree8 40. Kf3 Rh8 41. Kg2 Rhe8 42. h4 Bf6 43. h5 gxh5 44. Rxh5 Bd4 45. Rg5+ Kf6 46. Rf5+ Kg6 47. Kf3 Rh8 48.
Rg5+ Kf6 49. Nxd4 Rh3+ 50. Ke2 cxd4 51. Rxd4 Rh2+ 52. Kxe3 Rxa2 53. Rd6+ Ke7 54. Ra6 Rb8 55. Rb5 Re8 56. Re5+ Kf8 57. Rxe8+ Kxe8 58. Ke4 Kf8 59. Kf5 Kg7 60. g5 Ra1 61. Ra7 Kg8 62. Kf6 Rf1 63.
f5 Ra1 64. Ra8+ Kh7 65. g6+ 1-0

[Event "*** Titled Tuesday Blitz"]
[Site "Chess.com"]
[Date "2019.03.05"]
[Round "1"]
[White "PrinceCharming92"]
[Black "hurricane7791"]
[Result "1-0"]
[WhiteElo "2388"]
[BlackElo "2708"]
[TimeControl "180+2"]
[EndTime "13:10:16 PST"]
[Termination "PrinceCharming92 won by resignation"]

1. e4 c5 2. Nc3 a6 3. f4 b5 4. d3 Bb7 5. Nf3 e6 6. g3 d5 7. e5 h5 8. Bg2 Nh6 9. O-O Nc6 10.
h3 Nf5 11. Ne2 Qb6 12. c3 d4 13. cxd4 cxd4 14. Bd2 Be7 15. Rc1 Rd8 16. Qe1 Ne3 17. Rf2 Nxg2 18. Kxg2 a5 19. a3 O-O 20. g4 h4 21. Kh2 b4 22. a4 Ba6 23. Rg2 Bxd3 24. Nxh4 Rc8 25. Nf3 Rfd8 26. Ng3 Ba6 27. f5 Bf8 28.
fxe6 fxe6 29. Ng5 Bd3 30. Nxe6 Re8 31. Nxf8 Rxf8 32. e6 Rce8 33. Bg5 Ne7 34. Qd2 Bg6 35. Re1 Nd5 36. Rge2 Rf3 37. Kg2 Qc6 38. Ne4 Rff8 39. Qxd4 Rxe6 40. Kh2 Qc7+ 41. Ng3 Rxe2+ 42. Rxe2 Nb6 43.
Qe5 Qxe5 44. Rxe5 Rf2+ 45. Kg1 Rxb2 46. Rxa5 Nc4 47. Rb5 b3 48. Nf5 Bxf5 49. gxf5 Rb1+ 50. Kg2 b2 51. f6 Ra1 52. Rb8+ Kf7 53. Rb7+ Kg6 54.
f7 Ra2 55. Kg3 Ra3+ 56. Kh4 Rxa4 57. f8=Q Nd6+ 58. Kg3 Ra3+ 59. Kg2 Nxb7 60. Qe8+ Kxg5 61. Qe5+ Kg6 62. Qxb2 Ra7 63. Qb6+ 1-0

[Event "*** Titled Tuesday Blitz"]
[Site "Chess.com"]
[Date "2019.03.05"]
[Round "1"]
[White "DrMelekess"]
[Black "Grieve72"]
[Result "1-0"]
[WhiteElo "2704"]
[BlackElo "2340"]
[TimeControl "180+2"]
[EndTime "13:10:19 PST"]
[Termination "DrMelekess won by resignation"]

1. d4 g6 2. Nf3 Bg7 3. e4 d6 4.
Be2 Nf6 5. Nbd2 O-O 6. c3 Nc6 7. O-O e5 8. dxe5 dxe5 9. Qc2 h6 10. b4 Be6 11. Nc4 Nd7 12. Rd1 Qe7 13. a4 Rfd8 14.
Ba3 Qe8 15. Rd2 Nb6 16. Ne3 Rxd2 17. Nxd2 a5 18. b5 Nd8 19. c4 Nd7 20. c5 b6 21.
c6 Nf8 22. Rd1 g5 23. g3 Ng6 24. Nf5 Bf8 25. Bb2 Kh7 26. Nc4 Bc5 27. Kg2 f6 28.
Nce3 Nf7 29. Nd5 Bxd5 30. Rxd5 Rd8 31. Bc4 Rxd5 32. Bxd5 Nd6 33. Nxd6 Bxd6 34. Qe2 Nf8 35. Qg4 Kg7 36. Bc1 Bc5 37. Bd2 Bd6 38. Be3 Qd8 39. h4 Kg6 40. Kh2 Qe8 41. Qf5+ Kg7 42. Kg2 Qd8 43. hxg5 hxg5 44. f4 exf4 45. gxf4 gxf4 46. Bxf4 Bxf4 47. Qxf4 Ng6 48. Qg4 Qf8 49. Qd7+ Qe7 50. Qc8 Qd6 51. Qg8+ Kh6 52. Qf7 Qe5 53. Qd7 Nf4+ 54.
Kf3 Kg5 55. Qg4+ Kh6 56. Qxf4+ 1-0

[Event "*** Titled Tuesday Blitz"]
[Site "Chess.com"]
[Date "2019.03.05"]
[Round "1"]
[White "champ2005"]
[Black "MFBerna"]
[Result "1-0"]
[WhiteElo "2801"]
[BlackElo "2411"]
[TimeControl "180+2"]
[EndTime "13:10:37 PST"]
[Termination "champ2005 won by resignation"]

1. e4 c6 2. d4 d5 3. e5 c5 4. Nf3 Nc6 5. dxc5 e6 6. Be3 Nh6 7. c3 Nf5 8. Bd4 b6 9. cxb6 axb6 10.
Bb5 Bd7 11. O-O Nxe5 12. Bxe5 Bxb5 13. Re1 Be7 14. Nd4 Nxd4 15. cxd4 O-O 16. Qg4 Bf6 17. Nc3 Bxe5 18. Rxe5 Bd7 19. Rae1 f5 20. Qf3 Qf6 21.
a3 Rac8 22. g3 Rc4 23. Nxd5 exd5 24. Qxd5+ Qf7 25. Qd6 Rc6 26. Qb4 Re6 27. Rxe6 Bxe6 28. Qd6 Bc8 29. Qf4 Qf6 30. Rc1 Bb7 31. Rc7 Ba8 32.
f3 Rd8 33. Qe3 Bd5 34. Kf2 Bf7 35. h4 h6 36. Rb7 f4 37. Qxf4 Qxf4 38. gxf4 Rd6 39.
Ke3 Re6+ 40. Kd3 Rf6 41. Ke4 Bg6+ 42. Ke5 Rf5+ 43. Ke6 Rxf4 44. d5 Rxf3 45. d6 Rd3 46.
d7 Kh7 47. Ke7 Re3+ 48. Kd6 Rd3+ 49. Kc7 b5 50. d8=Q Rxd8 51. Kxd8 Bd3 52. Kc7 Kg6 53. Kd6 Kf6 54. Kc5 g5 55. hxg5+ hxg5 56. Kd4 Bc4 57. a4 g4 58. a5 g3 59. Ke3 g2 60.
Kf2 Ke5 61. a6 Bd5 62. Rb8 Kd6 63. a7 Kc5 64. a8=Q Bxa8 65. Rxa8 Kb4 66. Rb8 Kc4 67.
Kxg2 b4 68. Kf3 Kd3 69. Rxb4 1-0

[Event "*** Titled Tuesday Blitz"]
[Site "Chess.com"]
[Date "2019.03.05"]
[Round "1"]
[White "severomorskij"]
[Black "jflup"]
[Result "1-0"]
[WhiteElo "2690"]
[BlackElo "2331"]
[TimeControl "180+2"]
[EndTime "13:10:41 PST"]
[Termination "severomorskij won by resignation"]

1. d4 Nf6 2. Bg5 Ne4 3. Bf4 e6 4. f3 Bd6 5. Bxd6 Nxd6 6. e4 f5 7. e5 Nf7 8. f4 b6 9. Nf3 Bb7 10.
Nc3 d6 11. Bc4 d5 12. Be2 O-O 13. O-O Ba6 14. Bxa6 Nxa6 15. Qe2 Nb8 16. Nd1 Nd7 17. Ne3 Qe7 18. c3 c5 19. Kh1 Rac8 20. Rg1 Nh6 21.
h3 cxd4 22. cxd4 Rc7 23. Ng5 Nf7 24. Nf3 Nh6 25. a3 Nb8 26. Rac1 Kh8 27. Rxc7 Qxc7 28.
Ng5 Qe7 29. Rc1 Nf7 30. Nxf7+ Qxf7 31. Qc2 h6 32. Qc7 Na6 33. Qxf7 Rxf7 34. Rc6 Nc7 35. g4 g6 36. Kg2 Kg7 37. Kf3 Kf8 38. g5 h5 39. Ng2 Ke8 40. Nh4 Kd7 41. Rd6+ Kc8 42. Ke3 Rg7 43. a4 Kb7 44. b4 a6 45.
Kd3 Ka7 46. Rd8 Kb7 47. Rf8 Kc6 48. Rf6 Kd7 49. Rxg6 Rxg6 50. Nxg6 b5 51. a5 Ke8 52.
Nh4 Kf7 53. Nf3 Kg7 54. Nd2 Kg6 55. Nb3 h4 56. Nc5 Kh5 57. Ke3 Kg6 58. Kf3 Kh5 59.
Nd7 Kg6 60. Ke3 Kh5 61. Nf8 Ne8 62. Nxe6 Kg6 63. Kd3 Kf7 64. Nc5 Nc7 65. Nb7 Kg6 66. Nd6 Kg7 67. Nxf5+ Kg6 68. Nxh4+ 1-0

[Event "*** Titled Tuesday Blitz"]
[Site "Chess.com"]
[Date "2019.03.05"]
[Round "1"]
[White "dreamist"]
[Black "jmduque"]
[Result "1-0"]
[WhiteElo "2721"]
[BlackElo "2347"]
[TimeControl "180+2"]
[EndTime "13:10:47 PST"]
[Termination "dreamist won by resignation"]

1. Nf3 d5 2. d4 Nf6 3. Bf4 c5 4.
e3 Nc6 5. c3 e6 6. Bd3 Bd6 7.
Bg3 O-O 8. Nbd2 b6 9. O-O Ne7 10.
Ne5 Bb7 11. Qe2 Nf5 12. Bf4 Ne4 13. h3 f6 14. Nef3 Qc7 15. Bxd6 Nfxd6 16. Rfe1 a5 17. Rac1 c4 18. Bb1 b5 19. Nxe4 dxe4 20. Nd2 Bd5 21.
f3 exf3 22. Nxf3 Nf5 23. e4 Ng3 24. Qf2 Bc6 25. e5 Nh5 26. Qh4 g6 27. Nh2 fxe5 28. Rxe5 Nf4 29. Ng4 Nxg2 30. Qg5 Nf4 31. Nf6+ Kg7 32.
Qxf4 Rxf6 33. Qg4 Raf8 34. Rce1 Qf7 35. Be4 Rf1+ 36. Rxf1 Qxf1+ 37. Kh2 Rf2+ 38. Kg3 Bxe4 39. Qxe4 Rf6 40. Qe3 h5 41. h4 Qd1 42. Qe2 Qg1+ 43.
Qg2 Qc1 44. Kh3 Rf1 45. Qb7+ Kh6 46. Re2 Rh1+ 47. Kg3 Rg1+ 48. Rg2 Qe3+ 49. Kh2 Qf4+ 50. Kxg1 Qc1+ 51. Kh2 Qf4+ 52. Kg1 Qc1+ 53. Kf2 Qxb2+ 54. Kg1 Qc1+ 55. Kh2 Qf4+ 56. Rg3 Qxh4+ 57. Kg2 Qf6 58. Qf3 Qe7 59. Qe3+ Kh7 60. Qe4 Qf6 61. Qb7+ Kh6 62.
Qf3 Qe7 63. Qe3+ g5 64. Qe5 Qb7+ 65. Kh2 Qe7 66. Re3 g4 67. Qxe6+ Qxe6 68. Rxe6+ 1-0

[Event "*** Titled Tuesday Blitz"]
[Site "Chess.com"]
[Date "2019.03.05"]
[Round "1"]
[White "Generalas"]
[Black "RitvarsReimanis"]
[Result "1-0"]
[WhiteElo "2187"]
[BlackElo "2523"]
[TimeControl "180+2"]
[EndTime "13:10:48 PST"]
[Termination "Generalas won by resignation"]

1. e4 c5 2. c3 Nf6 3. e5 Nd5 4. Nf3 Nc6 5. Bc4 Nb6 6. Bb3 d6 7. exd6 e6 8. O-O Bxd6 9. d4 O-O 10. Qe2 cxd4 11. cxd4 Qc7 12. Nc3 a6 13. Be3 Bd7 14.
Rac1 Rac8 15. d5 Nxd5 16. Bxd5 exd5 17. Nxd5 Qb8 18. Nb6 Rcd8 19. Nxd7 Rxd7 20. Rfd1 Re7 21. Qd3 Bf4 22. Bxf4 Qxf4 23. Qd6 Qxd6 24. Rxd6 Rfe8 25. a3 f6 26. g3 Kf7 27. Kg2 h5 28. h4 Re6 29.
Rxe6 Rxe6 30. Rc5 Kg6 31. b4 Re2 32. b5 axb5 33. Rxb5 Re7 34. a4 Rd7 35. Kf1 Rd3 36. Ke2 Rd7 37. Ke3 Ne7 38. Ke2 Nd5 39. Rb3 Rc7 40.
Kd3 Rd7 41. Nd4 Ne7 42. Kc4 Kf7 43. Kc5 Rd5+ 44. Kc4 Rd7 45. Kc5 g5 46. a5 Rd5+ 47. Kc4 Rd7 48. Kc5 Ng6 49. Nb5 gxh4 50. gxh4 Nxh4 51. Nd6+ Kg6 52. Rxb7 Rd8 53. a6 Ng2 54. a7 Ra8 55. Kb6 Nf4 56. Rb8 Nd5+ 57. Kb7 Rxa7+ 58.
Kxa7 Nf4 59. Kb6 h4 60. Ne4 Kf5 61. Nd2 Kg4 62. Rg8+ Kf5 63. Kc6 h3 64. Nf1 Nd3 65. Rg3 Ke4 66. Re3+ Kd4 67. Rxh3 Nxf2 68. Rf3 Ne4 69.
Ng3 f5 70. Nxf5+ Ke5 71. Ng3 Ng5 72. Rf5+ 1-0

[Event "*** Titled Tuesday Blitz"]
[Site "Chess.com"]
[Date "2019.03.05"]
[Round "1"]
[White "murmah2003"]
[Black "bluejay1897"]
[Result "1-0"]
[WhiteElo "2540"]
[BlackElo "2159"]
[TimeControl "180+2"]
[EndTime "13:10:52 PST"]
[Termination "murmah2003 won by resignation"]

1. d4 Nf6 2. c4 e6 3. Nf3 b6 4. g3 Bb7 5. Bg2 Be7 6. O-O O-O 7. Re1 d5 8. Ne5 Nbd7 9. Nc3 c5 10. cxd5 exd5 11. Bf4 cxd4 12. Nb5 Bc5 13. a3 Nxe5 14. Bxe5 Qe8 15. Bxf6 Qxb5 16. Bxd4 Rfe8 17. e3 Bf8 18. Rc1 Rac8 19. Qg4 Qd3 20. Rcd1 Qg6 21. Qxg6 hxg6 22.
Rc1 Bc5 23. Bc3 Rcd8 24. Red1 f6 25. Bb4 Bf8 26. Rc7 Ba8 27. Rxa7 Bxb4 28. axb4 d4 29. Bxa8 dxe3 30. Rxd8 Rxd8 31. fxe3 Rd1+ 32. Kg2 Rd2+ 33. Kh3 Rxb2 34. Bd5+ Kh7 35. Ra8 Rxb4 36. Bg8+ Kh6 37. Bd5 Kg5 38. Rb8 Rb2 39. Bg2 f5 40. Rd8 Kf6 41.
Rd5 g5 42. g4 fxg4+ 43. Kg3 Re2 44. Rd6+ Ke5 45. Rd5+ Ke6 46. e4 Kf6 47. Rb5 Kg6 48.
Rxb6+ Kh5 49. Rb8 Re3+ 50. Kf2 Rc3 51. Rh8+ Kg6 52. Rd8 Kf6 53. Rd2 Ke5 54. Rd5+ Kf6 55. Rd6+ Kf7 56. e5 Rc2+ 57. Kg3 Ke7 58. Bd5 Re2 59.
Re6+ Kd7 60. Rg6 Rxe5 61. Rxg7+ Kd6 62. Bg2 Ke6 63. Kxg4 Kf6 64. Rc7 Rb5 65. Rc6+ Kg7 66. Be4 Re5 67. Bf5 Re2 68. h3 Rg2+ 69. Kh5 Rg3 70. Bg4 1-0

[Event "*** Titled Tuesday Blitz"]
[Site "Chess.com"]
[Date "2019.03.05"]
[Round "1"]
[White "PocketPivot"]
[Black "GremioPrudente"]
[Result "1/2-1/2"]
[WhiteElo "2483"]
[BlackElo "2074"]
[TimeControl "180+2"]
[EndTime "13:10:55 PST"]
[Termination "Game drawn by repetition"]

1. c4 c6 2. Nc3 d5 3. d4 e6 4. e3 Bd6 5. Nf3 f5 6. Ne5 Nf6 7. f4 O-O 8. Be2 Nbd7 9. O-O Ne4 10. Nxe4 fxe4 11. Bd2 Bxe5 12. fxe5 Rxf1+ 13. Bxf1 b6 14. cxd5 exd5 15. b4 Qe7 16. Qb3 Bb7 17. a4 a6 18. Rc1 b5 19. Be1 Nb6 20. a5 Nc4 21. Rc2 Rf8 22. Rf2 Rxf2 23. Bxf2 Nd2 24. Qc3 Nxf1 25.
Kxf1 Qf7 26. Ke1 h6 27. Bg3 Qe6 28. Qc5 Kh7 29. Qb6 Bc8 30. Qc7 Qd7 31. Qb8 Qb7 32. Qd6 Qd7 33. Qb8 Qb7 34. Qd6 Qd7 35. Qc5 Qe6 36.
Bf4 Bd7 37. Bg3 Bc8 38. Qa7 Qd7 39. Qb6 Qe6 40. Bf4 Qd7 41. Qc5 Qe6 42. h3 Bd7 43.
Qf8 Qf5 44. Qa8 Qe6 45. Qxa6 Qe7 46. Qb6 Qxb4+ 47. Kf2 Qd2+ 48. Kg3 Qe1+ 49. Kh2 Be8 50. Bg3 Qxe3 51. a6 Bh5 52. a7 Bf3 53. gxf3 Qe2+ 54.
Kg1 Qd1+ 55. Kh2 Qe2+ 56. Kg1 Qd1+ 57. Kh2 Qe2+ 58. Kg1 Qd1+ 59. Kg2 Qe2+ 60. Bf2 Qd2 61. Kg1 Qg5+ 62. Kf1 Qc1+ 63. Kg2 Qg5+ 64. Bg3 Qd2+ 65. Bf2 Qg5+ 66. Kh2 Qf4+ 67. Bg3 Qd2+ 68. Kg1 Qe3+ 69. Bf2 Qg5+ 70. Kf1 Qc1+ 71. Ke2 Qc2+ 72. Kf1 Qc1+ 73. Kg2 Qg5+ 1/2-1/2

[Event "*** Titled Tuesday Blitz"]
[Site "Chess.com"]
[Date "2019.03.05"]
[Round "1"]
[White "INLOVEWITHF"]
[Black "DrVitman"]
[Result "0-1"]
[WhiteElo "2298"]
[BlackElo "2653"]
[TimeControl "180+2"]
[EndTime "13:10:58 PST"]
[Termination "DrVitman won by checkmate"]

1. e4 c5 2. Nf3 Nc6 3. d4 cxd4 4. Nxd4 e5 5. Nb5 a6 6. Nd6+ Bxd6 7. Qxd6 Qe7 8. Qxe7+ Ngxe7 9. Nc3 d5 10. exd5 Nb4 11.
Bd3 Nxd3+ 12. cxd3 Bf5 13. f4 O-O-O 14. fxe5 Nxd5 15.
O-O Bg6 16. Bg5 Rd7 17. d4 Nxc3 18. bxc3 Kc7 19. Rac1 Kc6 20. Rfd1 b5 21. c4 bxc4 22. Rxc4+ Kd5 23. Ra4 Rb8 24. Rc1 Rb2 25. Rxa6 Be4 26. Rd6+ Rxd6 27. exd6 Kxd6 28. Bf4+ Ke6 29. Re1 Kd5 30.
Be5 f6 31. Bg3 Rxg2+ 32. Kf1 Rxa2 33. Rc1 g5 34. Rc7 h5 35. Rd7+ Kc4 36. Rf7 h4 37. Bc7 f5 38. Bd8 g4 39. Bxh4 Rxh2 40. Bg3 Rh3 41.
Be5 Kd3 42. Ra7 Rf3+ 43. Kg1 Kc4 44. Ra4+ Kb5 45. Ra2 g3 46. Rg2 f4 47. Bxf4 Rxf4 48. Rxg3 Kc4 49. Rg8 Kxd4 50. Rd8+ Ke3 51. Kh2 Rg4 52.
Rb8 Rg7 53. Re8 Kf4 54. Rf8+ Bf5 55. Rf6 Ke4 56. Rf8 Rh7+ 57. Kg3 Rh3+ 58. Kg2 Ra3 59.
Re8+ Kf4 60. Rf8 Ra2+ 61. Kg1 Rb2 62. Rf7 Kg4 63. Kf1 Bd3+ 64. Ke1 Be4 65. Rf6 Bf5 66.
Rf8 Kf4 67. Re8 Be4 68. Re7 Ke3 69. Kd1 Rb1# 0-1

[Event "*** Titled Tuesday Blitz"]
[Site "Chess.com"]
[Date "2019.03.05"]
[Round "1"]
[White "chenrip"]
[Black "PulpanJ"]
[Result "1-0"]
[WhiteElo "2328"]
[BlackElo "2668"]
[TimeControl "180+2"]
[EndTime "13:11:03 PST"]
[Termination "chenrip won on time"]

1. e4 e5 2. Nf3 Nc6 3. d4 exd4 4. Nxd4 Bb4+ 5. c3 Bc5 6. Be3 Bb6 7. Be2 Nf6 8. Bf3 Ne5 9. Nd2 Nxf3+ 10. gxf3 d5 11. e5 Nd7 12. f4 Nc5 13. Qe2 Qe7 14. O-O-O Bd7 15. Kb1 O-O-O 16. N2b3 Nxb3 17. axb3 a6 18. Rhg1 c5 19. Nf3 Bf5+ 20. Ka2 g6 21. b4 Kb8 22. bxc5 Bxc5 23. Bxc5 Qxc5 24. Rd4 Qa5+ 25. Kb3 Rc8 26. Rb4 Rc4 27. Nd4 Bd7 28. Rxc4 dxc4+ 29. Qxc4 Rc8 30. Qb4 Qd5+ 31. Kc2 Ka8 32. Re1 Rc4 33. Qd6 Ba4+ 34. b3 Rxd4 35. Qxd5 Rxd5 36. bxa4 Kb8 37.
Rd1 Ra5 38. Kb3 b5 39. Rd4 Kc7 40. axb5 axb5 41. Rd5 h5 42. h4 Kc6 43. Rd6+ Kc7 44.
Rf6 Ra1 45. Rxf7+ Kc6 46. Rf6+ Kd5 47. Rxg6 Rf1 48. Rd6+ Ke4 49. e6 Kxf4 50. Rd5 Re1 51. Rxh5 Rxe6 52. Rxb5 Kg4 53. Rb4+ Kf3 54. Rd4 Rb6+ 55.
Kc4 Kxf2 56. Kc5 Rh6 57. c4 Ke3 58. Rd5 Rxh4 59. Kb5 Ke4 60. Rg5 Kf4 61. Rd5 Ke4 62.
Rd1 Rh2 63. c5 Rb2+ 64. Kc6 Ke5 65. Kc7 Ke6 66. c6 Ke7 67. Re1+ Kf8 68. Kd7 Rd2+ 69. Kc8 Rc2 70. c7 Rc3 71. Re5 Kf7 72. Kb7 Kf6 73.
Rb5 Rb3 74. Rxb3 Ke7 75. c8=Q Kd6 76. Rd3+ 1-0

[Event "*** Titled Tuesday Blitz"]
[Site "Chess.com"]
[Date "2019.03.05"]
[Round "1"]
[White "Blagorod"]
[Black "SanchezKelvin"]
[Result "0-1"]
[WhiteElo "2141"]
[BlackElo "2528"]
[TimeControl "180+2"]
[EndTime "13:11:06 PST"]
[Termination "SanchezKelvin won by resignation"]

1. e4 c5 2. Nc3 Nc6 3. g3 g6 4. Bg2 Bg7 5. d3 d6 6. f4 e6 7. Nf3 Nge7 8. Be3 Nd4 9. O-O Rb8 10. e5 Nef5 11. Bf2 Nxf3+ 12. Qxf3 O-O 13. exd6 b6 14. Rab1 Bb7 15. Ne4 Nxd6 16. Qe2 Nf5 17. c3 Qd7 18. Rfd1 Rfd8 19. g4 Nd6 20. Bh4 Rdc8 21. Nf6+ Bxf6 22.
Bxf6 Bxg2 23. Qxg2 Ne8 24. Be5 Ra8 25. g5 Qc6 26.
Qxc6 Rxc6 27. d4 cxd4 28. Rxd4 Ng7 29. Bxg7 Kxg7 30. Rbd1 a5 31. Rd7 Rc4 32. R1d4 Rac8 33. Kf2 Rxd4 34. Rxd4 Rc5 35. Kf3 h6 36. h4 hxg5 37.
hxg5 e5 38. Rd6 exf4 39. Kxf4 b5 40. Rd2 Rf5+ 41. Kg4 Rc5 42. Kf4 a4 43. Re2 a3 44.
Rc2 Rc4+ 45. Kf3 axb2 46. Rxb2 Rxc3+ 47. Kf4 Rc4+ 48. Kf3 b4 49. Kg3 Kf8 50. Re2 Rc3+ 51. Kf4 Rc5 52. Kg4 Rc4+ 53. Kf3 Kg7 54. Kg3 Rc7 55. Kf4 f6 56. gxf6+ Kxf6 57. Kg4 Rc4+ 58. Kg3 Kf5 59. Rf2+ Kg5 60. Rb2 Rc3+ 61. Kg2 Rc4 62.
Kg3 Rg4+ 63. Kf3 Rh4 64. Rg2+ Kf5 65. Rb2 g5 66. Kg3 Rc4 67. Kf3 g4+ 68. Kg3 Kg5 69.
Rf2 Rc3+ 70. Kg2 Kh4 71. Rb2 Rc4 72. Kh2 Rd4 73. Kg2 Rf4 74. Kh2 Rd4 75. Kg2 g3 76.
Rb3 Rd2+ 77. Kg1 Kh3 78. Kf1 Kh2 79. Ke1 Rxa2 80. Rxb4 g2 0-1

[Event "*** Titled Tuesday Blitz"]
[Site "Chess.com"]
[Date "2019.03.05"]
[Round "1"]
[White "GeorgMeier"]
[Black "xLuring1"]
[Result "1-0"]
[WhiteElo "2822"]
[BlackElo "2414"]
[TimeControl "180+2"]
[EndTime "13:11:19 PST"]
[Termination "GeorgMeier won by resignation"]

1. Nf3 Nf6 2. g3 g6 3. Bg2 Bg7 4. O-O O-O 5. d4 d6 6. b3 Bf5 7. Bb2 Qd7 8. Nbd2 Bh3 9. e4 Bxg2 10. Kxg2 Nc6 11. Qe2 e6 12. Rad1 Rfe8 13. e5 Nd5 14.
Ne4 dxe5 15. dxe5 Qe7 16. c4 Nb6 17. h4 Rad8 18. h5 Nd7 19. hxg6 fxg6 20. Qe3 Rf8 21.
a3 Ndxe5 22. Nxe5 Nxe5 23. Bxe5 Bxe5 24. Qxa7 b6 25. Rxd8 Qxd8 26. Qb7 Qd7 27. Re1 Bg7 28. a4 Qd3 29. Re3 Qd7 30. a5 Bd4 31. Rf3 Rxf3 32.
Kxf3 bxa5 33. Qa8+ Kg7 34. Qxa5 e5 35. Qd5 Qe7 36. Kg2 c5 37. Qc6 Qf7 38. f3 Qe7 39. Qb5 Kh6 40. Qa5 Qd7 41. Nf6 Qe7 42. Qa6 Kg7 43. Ne4 Kh6 44. Qb6 Kg7 45. Qb8 Qf7 46. Qd6 Qa7 47. Qf6+ Kg8 48. Qe6+ Qf7 49. Qc8+ Kg7 50.
Qb8 Qe7 51. Qb6 Kh6 52. Qf6 Qxf6 53. Nxf6 Kg7 54. Ne4 h6 55. g4 Kf7 56. Kf1 Ke6 57.
Ke2 h5 58. Kf1 Kf7 59. Kg2 Be3 60. Kh3 Kg7 61. Nd6 Kf6 62. Kh4 hxg4 63. Kxg4 Ke6 64. Ne4 Kf7 65. Nc3 Bd4 66. Nd5 Kg7 67. b4 cxb4 68. Nxb4 Bc5 69. Na6 Bb6 70. c5 Bd8 71. c6 Kf7 72. c7 Bxc7 73. Nxc7 Kf6 74. Nd5+ Ke6 75. Nc3 Kf6 76. Ne4+ Kf7 77. Kg5 Kg7 78.
Nf2 Kf7 79. Ng4 1-0